 Dungeon Crawl Stone Soup version 0.26.0-10-g1f06aea511 (webtiles) character file.

Game seed: 7810424343949755072

745 septik the Cudgeller (level 7, -3/93 HPs)
             Began as a Minotaur Berserker on Jan 25, 2021.
             Was a Believer of Trog.
             Slain by a troll (7 damage)
             ... on level 4 of the Dungeon.
             The game lasted 00:07:58 (3884 turns).

septik the Cudgeller (Minotaur Berserker)           Turns: 3884, Time: 00:07:59

Health: -3/93      AC:  9    Str: 23    XL:     7   Next: 47%
Magic:  2/2        EV: 12    Int:  4    God:    Trog [**....]
Gold:   171        SH:  0    Dex: 10    Spells: 6/6 levels left

rFire    . . .     SeeInvis .   q - +0 scythe (antimagic)
rCold    . . .     Faith    .   (shield currently unavailable)
rNeg     . . .     Spirit   .   n - +0 scale mail
rPois    .         Reflect  .   (helmet restricted)
rElec    .         Harm     .   g - +1 cloak
rCorr    .         Rampage  .   (no gloves)
Will     .....                  (no boots)
Stlth    ..........             (no amulet)
HPRegen  0.25/turn              (no ring)
MPRegen  0.08/turn              (no ring)

@: berserking, very quick
A: retaliatory headbutt, horns 2
a: Renounce Religion, Berserk, Trog's Hand


You were on level 4 of the Dungeon.
You worshipped Trog.
Trog was pleased with you.
You visited 1 branch of the dungeon, and saw 4 of its levels.

You collected 171 gold pieces.

Inventory:

Hand Weapons
 a - a +0 hand axe
 b - a +0 hunting sling
 i - a +1 dagger of electrocution
 q - a +0 antimagic scythe (weapon)
Missiles
 j - 152 stones
 l - 38 sling bullets
Armour
 g - a +1 cloak (worn)
 n - a +0 scale mail (worn)
Jewellery
 r - a +4 ring of evasion {unknown}
Scrolls
 c - 5 scrolls of identify {unknown}
 d - 2 scrolls of immolation {unknown}
 e - a scroll of enchant armour {unknown}
 f - a scroll of magic mapping {unknown}
 m - 3 scrolls of amnesia {unknown}
 o - 3 scrolls of remove curse {unknown}
 t - a scroll of random uselessness {unknown}
 u - 2 scrolls of enchant weapon {unknown}
Potions
 h - 2 potions of curing {unknown}
 k - 2 potions of heal wounds {unknown}
 p - 2 potions of mutation {unknown}
 s - a potion of lignification {unknown}
 v - a potion of resistance {unknown}
 w - a potion of might {unknown}
 x - a potion of haste {unknown}


   Skills:
 + Level 5.7 Fighting
 - Level 3.6(5.3) Axes
 * Level 6.1(6.6) Maces & Flails
 + Level 5.0 Armour
 + Level 4.5 Dodging


You had 6 spell levels left.
You didn't know any spells.
Your spell library was empty.

Dungeon Overview and Level Annotations

Branches:
Dungeon (4/15)
 Temple: D:4-7

Altars:
Elyvilon

Shops:
D:4 [*


Innate Abilities, Weirdness & Mutations

You reflexively headbutt those who attack you in melee.
You have a pair of horns on your head.


Message History

You barely miss the troll. The troll barely misses you. The troll misses you.
The troll closely misses you. The troll bites you! The troll claws you!
The troll claws you but does no damage.
You are too injured to fight recklessly!
A red film seems to cover your vision as you go berserk!
You feel yourself moving faster!
You feel mighty! The troll bites you!
* * * LOW HITPOINT WARNING * * *
The troll claws you.
* * * LOW HITPOINT WARNING * * *
The troll claws you!
* * * LOW HITPOINT WARNING * * *
You slice the troll!!
The troll is heavily wounded.
The troll barely misses you. The troll closely misses you. x2
You barely miss the troll.
The troll is heavily wounded.
The troll bites you.
* * * LOW HITPOINT WARNING * * *
The troll closely misses you. x3; The troll claws you!
You die...

#.......#
... #....
#.......#
.. #.#.<
#.......#
. ...#.#
#.......#
..>##..
#.......+
..... ###
#.......#
...#
##'######
...
#.#######.
#.@T......
##########


You could see a troll.

Vanquished Creatures
  Grinder (D:3)
  Sigmund (D:3)
  An ogre (D:4)
  A howler monkey (D:3)
  2 hounds (D:4)
  An orc priest (D:3)
  A hound skeleton (D:4)
  7 adders
  An ooze (D:3)
  3 worms (D:3)
  2 leopard geckos
  12 orcs
  3 giant cockroaches (D:2)
  5 goblins
  5 hobgoblins
  4 jackals
  A quokka (D:3)
  7 bats
  8 frilled lizards
  4 kobolds
  8 rats
78 creatures vanquished.

Notes
Turn   | Place    | Note
-------+----------+-------------------------------------------
     0 | D:1      | septik the Minotaur Berserker began the quest for the Orb.
     0 | D:1      | Reached XP level 1. HP: 19/19 MP: 0/0
   416 | D:1      | Reached skill level 1 in Maces & Flails
   467 | D:1      | Reached XP level 2. HP: 27/27 MP: 1/1
   989 | D:2      | Reached skill level 2 in Maces & Flails
   989 | D:2      | Reached XP level 3. HP: 26/33 MP: 2/2
  1131 | D:2      | Reached ** piety under Trog
  1770 | D:2      | Reached XP level 4. HP: 40/40 MP: 3/3
  1821 | D:3      | Noticed Sigmund
  1835 | D:3      | Killed Sigmund
  1836 | D:3      | Reached skill level 4 in Maces & Flails
  1836 | D:3      | Reached XP level 5. HP: 47/47 MP: 2/4
  1855 | D:3      | Found a white marble altar of Elyvilon.
  2085 | D:3      | Reached XP level 6. HP: 41/55 MP: 5/5
  2340 | D:3      | Reached skill level 5 in Fighting
  2647 | D:3      | Noticed Grinder
  2653 | D:3      | Killed Grinder
  2654 | D:3      | Reached skill level 5 in Maces & Flails
  2654 | D:3      | Reached XP level 7. HP: 61/61 MP: 2/6
  3095 | D:4      | Found Connat's Armour Shop.
  3220 | D:4      | Reached skill level 6 in Maces & Flails
  3361 | D:4      | Reached skill level 5 in Armour
  3422 | D:4      | Found Girphe Lalapt's Lightly-Used Armoury.
  3878 | D:4      | Noticed a troll
  3884 | D:4      | HP: 4/93 [troll (5)]
  3884 | D:4      | Slain by a troll

Illustrated notes

Levels and vault maps discovered:
D:1:      dpeg_arrival_water_fire, layout_basic
D:2:      minmay_chambers_of_ones, layout_basic, minmay_tree_intersection
D:3:      layout_basic, elyvilon_altar_5, uniq_grinder, uniq_sigmund
D:4:      layout_basic, serial_shops, shop, minmay_shop_damaged

Skill      XL: |  1  2  3  4  5  6  7 |
---------------+----------------------+-----
Maces & Flails | 1 2 4 5 6 |  6.1
Fighting       | 4 5 |  5.7
Armour         | 3 4 5 |  5.0
Dodging        | 3 4 |  4.5
Axes           | |  3.6

Action                   |  1- 3 |  4- 6 |  7- 9 || total
-------------------------+-------+-------+-------++-------
Melee: Hand axe          |    65 |     7 |       ||    72
       Headbutt          |     6 |    14 |     5 ||    25
       Dagger            |       |    59 |       ||    59
       Scythe            |       |     4 |    40 ||    44
 Fire: Hunting sling     |     8 |       |       ||     8
Invok: Berserk           |       |     2 |     1 ||     3
       Trog's Hand       |       |     2 |       ||     2
Armor: Animal skin       |    13 |       |       ||    13
       Scale mail        |    13 |    18 |    21 ||    52
Dodge: Dodged            |    38 |    38 |    50 ||   126
